AoeStats
← Fatih

African Clearing

510298696Analyzed
4v4 RM · 3d ago on Sep 30, 2026· 61m 40s· 8 players
Game mode
Random Map
Map size
Large (8 player)
Population
200
Speed
Normal
Resources
Standard
Victory
Conquest
Starting age
Dark Age
Ending age
Imperial Age
RankedLock teamsTeams togetherTeam positionsShared explorationLock speedFull tech treeHidden civsTurbo modeCheats
Victory
Defeat
🇻🇳 Vietnamese · Vietnam
1267
+16
🇭🇰 Vikings · Hong Kong SAR China
1257
+16
🇮🇩 Huns · Indonesia
1248
+17
🇹🇼 Khmer · Taiwan
1241
+17
🇹🇷 Dravidians · Türkiye
1296
-17
🇨🇳 Cumans · China
1280
-17
🇹🇷 Gurjaras · Türkiye
1272
-17
🇬🇧 Bohemians · United Kingdom
1216
-15
TempYuraa
13:58 Feudal Age
17:38 Castle Age
16:16 Double-Bit Axe
16:13 Horse Collar
20:21 Bow Saw
25:43 Forging
27:37 Heavy Plow
28:47 Marauders
30:15 Loom
31:06 Wheelbarrow
30:47 Husbandry
31:35 Pikeman
32:16 Squires
32:55 Squires
32:40 Arson
33:10 Scale Mail Armor
34:18 Chain Mail Armor
34:38 Iron Casting
34:50 Hand Cart
35:44 Bloodlines
35:42 Scale Barding Armor
38:42 Imperial Age
37:41 Chain Barding Armor
38:03 Gold Mining
38:03 Stone Mining
38:01 Town Watch
40:43 Blast Furnace
40:06 Conscription
40:57 Plate Barding Armor
40:23 Halberdier
42:37 Two-Man Saw
44:01 Gold Shaft Mining
43:07 Elite Tarkan
46:09 Fletching
46:44 Padded Archer Armor
46:35 Heavy Cavalry Archer
47:40 Parthian Tactics
47:21 Thumb Ring
48:04 Coinage
47:34 Caravan
50:52 Ballistics
50:44 Masonry
50:30 Murder Holes
50:56 Bodkin Arrow
51:20 Leather Archer Armor
51:45 Bracer
59:47 Crossbowman
62:35 Banking
只會5TC
12:58 Feudal Age
13:46 Loom
16:41 Castle Age
15:48 Double-Bit Axe
18:41 Bow Saw
25:27 Wheelbarrow
24:38 Town Watch
28:18 Gold Mining
29:38 Hand Cart
32:17 Imperial Age
29:51 Town Patrol
32:35 Elite Battle Elephant
33:19 Tusk Swords
35:47 Scale Barding Armor
36:23 Husbandry
36:53 Double Crossbow
37:13 Horse Collar
39:07 Onager
40:01 Light Cavalry
40:51 Bloodlines
42:07 Hussar
43:56 Conscription
51:32 Heavy Plow
53:09 Stone Mining
53:57 Crop Rotation
54:19 Forging
56:10 Chain Barding Armor
56:34 Iron Casting
56:38 Gold Shaft Mining
63:02 Blast Furnace
62:39 Plate Barding Armor
小兵兵兵
4:12 Loom
14:07 Feudal Age
15:54 Fletching
25:37 Castle Age
24:39 Horse Collar
24:46 Double-Bit Axe
26:20 Bodkin Arrow
26:36 Crossbowman
27:18 Padded Archer Armor
28:34 Ballistics
28:01 Town Watch
29:59 Bow Saw
29:44 Gold Mining
32:57 Scale Mail Armor
33:46 Squires
33:32 Arson
35:23 Chain Mail Armor
44:27 Forging
48:30 Fishing Lines
51:36 Imperial Age
49:19 Stone Mining
52:36 Imperial Age
51:38 Iron Casting
53:26 Heavy Plow
57:58 Chemistry
56:54 Arbalester
62:07 Two-Man Saw
anhdeptraibd
3:40 Loom
15:00 Feudal Age
19:02 Castle Age
17:13 Double-Bit Axe
20:09 Fletching
25:04 Bodkin Arrow
25:43 Padded Archer Armor
27:43 Leather Archer Armor
32:39 Wheelbarrow
34:22 Hand Cart
40:50 Imperial Age
38:33 Bow Saw
38:04 Horse Collar
40:34 Thumb Ring
40:47 Heavy Plow
42:01 Ring Archer Armor
40:55 Elite Rattan Archer
42:14 Bracer
44:56 Chemistry
45:42 Two-Man Saw
45:13 Crop Rotation
47:33 Ballistics
49:37 Paper Money
53:19 Siege Engineers
53:09 Murder Holes
53:51 Hoardings
52:50 Sappers
53:34 Masonry
53:05 Treadmill Crane
53:15 Arrowslits
59:00 Town Watch
61:16 Gold Mining
61:17 Stone Mining
61:31 Town Patrol
61:57 Bombard Tower
61:39 Chatras
Fatih
3:24 Loom
12:12 Feudal Age
13:30 Double-Bit Axe
19:00 Castle Age
17:32 Horse Collar
20:19 Bow Saw
20:34 Bloodlines
22:22 Gold Mining
24:18 Stone Mining
25:34 Scale Barding Armor
26:00 Husbandry
27:37 Chain Barding Armor
27:45 Forging
29:12 Gold Shaft Mining
33:03 Imperial Age
32:50 Scale Mail Armor
34:31 Plate Barding Armor
33:24 Heavy Camel Rider
34:53 Conscription
35:20 Stone Shaft Mining
35:04 Chain Mail Armor
35:37 Kshatriyas
36:59 Plate Mail Armor
37:05 Iron Casting
36:51 Arson
37:59 Fletching
38:44 Ballistics
39:25 Chemistry
40:29 Elite Chakram Thrower
44:41 Wheelbarrow
45:11 Bodkin Arrow
47:39 Bracer
48:39 Hand Cart
48:35 Heavy Plow
51:22 Masonry
51:28 Elite Shrivamsha Rider
Lordzek
3:49 Loom
13:35 Feudal Age
18:11 Castle Age
17:50 Fletching
19:36 Padded Archer Armor
24:44 Bodkin Arrow
24:54 Town Watch
26:08 Wheelbarrow
35:17 Double-Bit Axe
37:52 Bow Saw
37:27 Horse Collar
38:37 Stone Mining
47:53 Imperial Age
47:04 Hand Cart
48:03 Medical Corps
49:35 Gold Mining
49:21 Elite Elephant Archer
50:49 Bracer
50:47 Elite Skirmisher
51:47 Leather Archer Armor
55:01 Ballistics
55:42 Chemistry
Leeroy Jenkins III
13:10 Feudal Age
17:08 Castle Age
15:22 Double-Bit Axe
15:55 Fishing Lines
17:06 Loom
18:01 Bow Saw
17:45 Gillnets
27:43 Horse Collar
32:41 Imperial Age
31:00 Scale Mail Armor
31:11 Forging
32:15 Chemistry
31:27 Fortified Wall
31:28 Masonry
31:09 Pikeman
31:50 Squires
33:13 Chain Mail Armor
33:38 Iron Casting
32:48 Halberdier
34:46 Two-Man Saw
33:51 Heavy Plow
35:11 Wheelbarrow
34:22 Town Watch
35:28 Plate Mail Armor
35:41 Houfnice
39:07 Conscription
47:06 Hand Cart
52:51 Architecture
52:27 Siege Engineers
53:25 Blast Furnace
12014665
5:52 Loom
14:25 Feudal Age
20:38 Castle Age
34:59 Double-Bit Axe
36:23 Wheelbarrow
41:44 Imperial Age
40:22 Gold Mining
40:49 Horse Collar
41:36 Bow Saw
43:05 Scale Barding Armor
43:13 Forging
44:12 Bloodlines
49:15 Conscription
50:17 Chain Barding Armor
50:32 Fletching
51:04 Elite Steppe Lancer
53:02 Plate Barding Armor
54:02 Two-Man Saw
53:45 Gold Shaft Mining
54:12 Bodkin Arrow
54:18 Padded Archer Armor
55:26 Hand Cart
59:04 Leather Archer Armor
59:26 Iron Casting
59:45 Town Watch
61:21 Ring Archer Armor
61:52 Blast Furnace
Connection lost

Rejoining the realm…

Still unreachable

The connection could not be restored.

Session expired

The server has moved on; the page needs a fresh start.